 Dungeon Crawl Stone Soup version 0.30-b1-2-g02819fbbbe (webtiles) character file.

Game seed: 10159148172670129497

175585 Fartwhistle the Skirmisher (level 18, -2/143 HPs)
             Began as a Gnoll Hunter on Oct 26, 2023.
             Was an Initiate of Gozag.
             Killed from afar by a nagaraja (34 damage)
             ... with a poison arrow
             ... on level 4 of the Snake Pit on Oct 28, 2023.
             The game lasted 01:58:38 (40057 turns).

Fartwhistle the Skirmisher (Gnoll Hunter)          Turns: 40057, Time: 01:58:39

Health: -2/143     AC: 27    Str: 21    XL:     18   Next: 10%
Magic:  34/34      EV: 16    Int: 13    God:    Gozag
Gold:   1782       SH:  5    Dex: 15    Spells: 4/42 levels left

rFire   + . .        a - +4 longbow of Broken Luck {flame, Str+3 Int+3}
rCold   . . .        (shield currently unavailable)
rNeg    + + .        o - +4 pearl dragon scales
rPois   .            H - +2 helmet
rElec   .            z - +1 cloak
rCorr   .            x - +0 pair of gloves
SInv    +            (no boots)
Will    +....        p - amulet of Qazlal's Pride {Reflect rN+ Regen+ SH+5}
Stlth   ++++         Y - ring of protection from fire
HPRegen 1.23/turn    P - ring of see invisible
MPRegen 0.24/turn

%: reflection
@: lethally poisoned (-2 -> -40), about to teleport, gold aura
A: fangs 1, strong nose, distributed training
a: Renounce Religion, Potion Petition, Call Merchant, Bribe Branch


You were on level 4 of the Snake Pit.
You worshipped Gozag.
Gozag was most pleased with you.
You visited 5 branches of the dungeon, and saw 27 of its levels.
You also visited: Ossuary.

You collected 9876 gold pieces.
You spent 6009 gold pieces at shops.
You paid 2085 gold pieces to Gozag.

Inventory:

Hand Weapons
 a - the +4 longbow of Broken Luck (weapon) {flame, Str+3 Int+3}
   (You acquired it on level 9 of the Dungeon)

   Str:       It affects your strength (+3).
   Int:       It affects your intelligence (+3).
 f - the +4 trident of Ravage {freeze, rPois Str+2}
   (You found it on level 5 of the Lair of Beasts)

   Str:       It affects your strength (+2).
   rPois:     It protects you from poison.
Missiles
 M - 6 silver javelins
 Q - a throwing net
Armour
 o - +4 pearl dragon scales (worn)
 x - a +0 pair of gloves (worn)
 z - a +1 cloak (worn)
 H - a +2 helmet (worn)
 N - a +0 kite shield of resistance
Jewellery
 e - a ring of willpower
 p - the amulet of Qazlal's Pride (around neck) {Reflect rN+ Regen+ SH+5}
   (You bought it in a shop on level 2 of the Orcish Mines)

   [amulet of reflection]

   It reflects blocked missile attacks.
   rN:        It protects you from negative energy.
   Regen:     It increases your rate of health regeneration.
   SH:        It affects your SH (+5).
 C - a ring of flight
 P - a ring of see invisible (right hand)
 V - a ring of poison resistance
 Y - a ring of protection from fire (left hand)
Wands
 I - a wand of polymorph (3)
 K - a wand of roots (11)
 O - a wand of light (4)
 S - a wand of paralysis (2)
Scrolls
 b - 2 scrolls of immolation
 g - 6 scrolls of teleportation
 h - 7 scrolls of poison
 k - 3 scrolls of fear
 q - 4 scrolls of silence
 r - 3 scrolls of magic mapping
 s - 3 scrolls of fog
 u - 2 scrolls of brand weapon
 v - 5 scrolls of amnesia
 A - 3 scrolls of blinking
 E - 6 scrolls of enchant armour
 T - 3 scrolls of enchant weapon
 U - 17 scrolls of identify
 X - 2 scrolls of summoning
Potions
 c - a potion of cancellation
 d - 4 potions of curing
 i - 8 potions of haste
 j - 2 potions of lignification
 l - 2 potions of invisibility
 m - 7 potions of mutation
 n - 6 potions of flight
 w - 5 potions of brilliance
 B - 7 potions of heal wounds
 D - 10 potions of might
 F - 8 potions of resistance
 G - 2 potions of ambrosia
 J - 8 potions of attraction
 L - 7 potions of berserk rage
 R - 3 potions of magic
Miscellaneous
 W - a phial of floods
 Z - a phantom mirror


   Skills:
 + Level 13.3 Fighting
 + Level 12.5 Short Blades
 + Level 12.5 Long Blades
 + Level 12.5 Axes
 + Level 12.5 Maces & Flails
 + Level 12.5 Polearms
 + Level 12.5 Staves
 + Level 14.9 Ranged Weapons
 + Level 12.5 Throwing
 + Level 12.5 Armour
 + Level 13.3 Dodging
 + Level 12.8 Stealth
 + Level 12.5 Shields
 + Level 12.5 Unarmed Combat
 + Level 12.5 Spellcasting
 + Level 10.6 Conjurations
 + Level 10.6 Hexes
 + Level 10.6 Summonings
 + Level 10.6 Necromancy
 + Level 10.6 Translocations
 + Level 10.6 Transmutations
 + Level 10.6 Fire Magic
 + Level 10.6 Ice Magic
 + Level 10.6 Air Magic
 + Level 10.6 Earth Magic
 + Level 10.6 Poison Magic
 + Level 13.6 Invocations
 + Level 12.5 Evocations


You had 4 spell levels left.
You knew the following spells:

 Your Spells              Type           Power      Damage    Failure   Level
a - Wereblood             Tmut           35%        N/A       1%          2
b - Volatile Blastmotes   Fire/Tloc      70%        2d15      1%          3
c - Sticky Flame          Conj/Fire      35%        2d5       2%          4
d - Ozocubu's Armour      Ice            35%        N/A       1%          3
e - Summon Guardian Gole  Hex/Summ       35%        N/A       1%          3
f - Blink                 Tloc           70%        N/A       1%          2
g - Silence               Hex/Air        17%        N/A       8%          5
h - Agony                 Necr           35%        N/A       8%          5
i - Passage of Golubria   Tloc           35%        N/A       2%          4
j - Flame Wave            Conj/Fire      35%        2d10      2%          4
k - Swiftness             Air            35%        N/A       1%          3

Your spell library contained the following spells:

 Spells                   Type           Power      Damage    Failure   Level
 Apportation              Tloc           70%        N/A       1%          1
 Beastly Appendage        Tmut           70%        N/A       1%          1
 Freeze                   Ice            100%       1d10      1%          1
 Necrotise                Necr           100%       1d9       1%          1
 Shock                    Conj/Air       100%       1d9       1%          1
 Summon Small Mammal      Summ           100%       N/A       1%          1
 Passwall                 Tmut/Erth      29%        N/A       1%          2
 Call Canine Familiar     Summ           35%        N/A       1%          3
 Dazzling Flash           Conj/Hex       70%        N/A       1%          3
 Frozen Ramparts          Ice            70%        1d11      1%          3
 Gell's Gravitas          Tloc           35%        N/A       1%          3
 Hailstorm                Conj/Ice       35%        3d9       1%          3
 Inner Flame              Hex/Fire       35%        N/A       1%          3
 Spider Form              Tmut/Pois      35%        N/A       1%          3
 Teleport Other           Tloc           35%        N/A       1%          3
 Vampiric Draining        Necr           35%        2d8       1%          3
 Airstrike                Air            17%        2d(3-19)  2%          4
 Iskenderun's Mystic Bla  Conj/Tloc      35%        2d8       2%          4
 Manifold Assault         Tloc           35%        N/A       2%          4
 Petrify                  Tmut/Erth      35%        N/A       2%          4
 Summon Ice Beast         Ice/Summ       35%        N/A       2%          4
 Alistair's Intoxication  Tmut/Pois      23%        N/A       8%          5
 Summon Mana Viper        Hex/Summ       35%        N/A       8%          5
 Dispersal                Tloc           17%        N/A       38%         6
 Starburst                Conj/Fire      17%        6d6       38%         6
 Monstrous Menagerie      Summ           17%        N/A       93%         7
 Orb of Destruction       Conj           17%        9d7       93%         7
 Ozocubu's Refrigeration  Ice            17%        4d11      93%         7
 Spellforged Servitor     Conj/Summ      17%        N/A       93%         7
 Storm Form               Tmut/Air       17%        N/A       93%         7
 Disjunction              Tloc           17%        N/A       100%        8
 Lehudib's Crystal Spear  Conj/Erth      17%        10d5      100%        8
 Polar Vortex             Ice            17%        N/A       100%        9
 Simulacrum               Ice/Necr       Unusable   N/A       N/A         6

Dungeon Overview and Level Annotations

Branches:
Dungeon (15/15)            Temple (1/1) D:7            Lair (5/5) D:10
 Shoals (0/4) Lair:3        Snake (4/4) Lair:2        Slime (0/5) Lair:4
    Orc (2/2) D:12            Elf (0/3) Orc:2        Vaults (0/5) D:13
 Depths (0/4) D:15        Ossuary (visited)

Altars:
Ashenzari
Cheibriados
Dithmenos
Elyvilon
Gozag
Hepliaklqana
Kikubaaqudgha
Makhleb
Nemelex Xobeh
Okawaru
Qazlal
Ru
Sif Muna
Trog
Uskayaw
Vehumet
Wu Jian
Xom
Yredelemnul
Zin
The Shining One
Jiyva

Shops:
D:4 !   D:10 ?   D:11 !   D:12 [   Orc:1 *   Orc:2 [*=*   Snake:4 (

Portals:
Pandemonium: Orc:2
Trove: D:12 (give +7 demon whip)

Annotations:
D:4 2 transporters
D:8 Joseph
D:9 exclusion: orange crystal statue
D:12 exclusion: downstairs
D:13 exclusion: downstairs
D:14 exclusion: 2 downstairs
D:15 3 runed translucent doors, Purphixowk's ghost, journeyman DsGl
Lair:4 exclusion: downstairs
Snake:2 exclusion: 2 downstairs
Orc:1 2 transporters, Tinen's ghost, journeyman TrMo


Innate Abilities, Weirdness & Mutations

You have very sharp teeth.
Your uncanny sense of smell can sniff out nearby items.
Your experience applies equally to all skills.


Message History

You feel very sick.
You feel very sick.
You feel very sick.
You shoot an arrow. The arrow barely misses the nagaraja.
You feel very sick.
You shoot an arrow. The arrow barely misses the nagaraja.
You feel sick.
The nagaraja mumbles some strange words.
The nagaraja seems to speed up.
You hear a shout!
You shoot an arrow. The arrow closely misses the nagaraja.
You feel sick.
You shoot an arrow. The arrow hits the nagaraja!!
The arrow burns the nagaraja!
The nagaraja is moderately wounded.
You feel sick.
You shoot an arrow. The arrow closely misses the nagaraja.
You feel sick.
The nagaraja gestures at you while chanting.
The bolt of poison hits you!
You are more poisoned.
You shoot an arrow. The arrow hits the nagaraja!
The arrow burns the nagaraja.
The nagaraja is heavily wounded.
You feel very sick.
You shoot an arrow. The arrow hits the nagaraja!
The arrow burns the nagaraja.
The nagaraja is heavily wounded.
You feel very sick.
The nagaraja points at you and mumbles some strange words.
The bolt of poison hits you!!!
You are more poisoned.
Unknown command.
As you read the scroll of teleportation, it crumbles to dust.
You feel strangely unstable.
You feel extremely sick.
You feel very sick. The nagaraja spits poison at you.
The splash of poison hits you.
You are more poisoned.
* * * LOW HITPOINT WARNING * * *
The nagaraja gestures at you while chanting.
The poison arrow hits you!!
You are lethally poisoned!
You die...
Your body crumbles into a pile of gold.

###........# #..)#.## ...#
.[##.......# #.....# # .##
#. ...........# #.)$###
#...# #[ ####....).## #.N.#
.#.# #. ##....## #...# ##..#
#. ###### ##.N.# #...# #. #
#....# #...#####. ##
###...## #..#...... )##
##...@## ##.#.#....
#.##########.....###
##...#####.
..)).....#.....#...####...##
#.
..............###...##.)..#
#. ##...)[..#.#.##
##...#...## #.
#######..###.## ###...###
### ##.~.).......####....#
##.. #............#.##...##
##..#
####...~~....~.~.....##
##...#


You could see a nagaraja (fast, catching breath) and a naga.

Vanquished Creatures
  Rupert (Orc:1)
  Kirke (D:14)
  6 nagarajas
  An orc warlord (Orc:2)
  An ironbound preserver (D:13)
  A stone giant (D:15)
  2 salamander tyrants
  An ogre mage (D:15)
  6 anacondas
  8 hydras
  4 death knights
  13 two-headed ogres
  7 centaur warriors
  2 demonspawn (Orc:2)
  An alligator (Lair:5)
  13 naga warriors
  6 orc high priests (Orc:2)
  Urug (Lair:1)
  15 naga sharpshooters
  7 shock serpents
  7 tengu warriors
  A skyshark (Lair:5)
  A sixfirhy (Orc:2)
  2 salamander mystics (Snake:3)
  5 orc knights
  8 naga ritualists
  A lindwurm (Lair:4)
  Pikel (D:8)
  10 mana vipers
  2 necromancers (D:14)
  2 wolf spiders (Lair:5)
  8 orc sorcerers
  7 ugly things
  An oklob plant (Orc:2)
  A spectral wolf spider (D:14)
  9 cyclopes
  9 salamanders
  A manticore (D:12)
  4 guardian serpents
  57 black mambas
  5 elephants
  12 naga magi
  2 gargoyles
  4 centaur skeletons (D:14)
  11 cane toads
  Maggie (D:8)
  3 komodo dragons
  3 efreet
  7 rime drakes
  A yaktaur (D:15)
  11 freezing wraiths (D:14)
  3 spectral deep trolls (D:14)
  6 trolls
  A red devil (Orc:2)
  3 tengu conjurers
  2 hornets (Lair:5)
  10 polar bears
  Grinder (D:5)
  2 wolf spider simulacra (D:14)
  4 raiju (Lair:5)
  8 blink frogs
  A centaur simulacrum (D:14)
  A flying skull (D:14)
  4 wraiths
  A shadow (D:13)
  30 yaks
  8 vampires
  12 wyverns
  4 hogs (D:14)
  2 redbacks (Lair:5)
  4 basilisks
  9 vampire mosquitoes
  Edmund (D:5)
  38 nagas
  An acid dragon (D:12)
  7 wargs
  19 hell hounds
  19 water moccasins
  34 orc warriors
  14 black bears
  8 ogres
  An ice beast (D:7)
  46 wolves
  9 centaurs
  2 lemures (D:8)
  3 kobold brigands
  7 bullfrogs
  2 scorpions
  4 water moccasin zombies (Ossuary)
  3 gnoll sergeants
  A wight (D:8)
  A wyvern zombie (Ossuary)
  8 killer bees (D:10)
  5 howler monkeys
  12 electric eels
  3 bullfrog zombies (Ossuary)
  3 lava snakes (D:14)
  7 centaur zombies
  2 hounds (D:5)
  A jelly (D:6)
  A gnoll bouda (D:9)
  19 orc priests
  A sleepcap (D:6)
  10 mummies (Ossuary)
  3 iguanas
  20 orc wizards
  2 boggart skeletons (D:14)
  2 killer bee zombies (Ossuary)
  A howler monkey zombie (Ossuary)
  23 gnolls
  9 adders
  2 white imps
  A worm (D:4)
  4 dart slugs
  76 orcs
  9 ball pythons
  8 bats
  7 endoplasms
  A giant cockroach (D:1)
  13 goblins
  10 hobgoblins
  2 quokkas
  A frilled lizard (D:1)
  19 kobolds
  9 rats
  A fire vortex (D:14)
925 creatures vanquished.

Vanquished Creatures (collateral kills)
  Jorgrun (Orc:2)
  Asterion (Lair:2)
  A black mamba (Lair:2)
3 creatures vanquished.

Vanquished Creatures (others)
  A vampire knight (D:14)
  An anaconda (Snake:3)
  An ogre mage (D:15)
  4 orcs
  31 fungi
  239 plants
  7 withered plants (Ossuary)
284 creatures vanquished.

Grand Total: 1212 creatures vanquished

Notes
Turn   | Place    | Note
-------+----------+-------------------------------------------
     0 | D:1      | Fartwhistle the Gnoll Hunter began the quest for the Orb.
     0 | D:1      | Reached XP level 1. HP: 20/20 MP: 1/1
    61 | D:1      | Reached XP level 2. HP: 26/26 MP: 2/2
   277 | D:1      | Reached XP level 3. HP: 31/31 MP: 3/3
   357 | D:1      | Reached skill level 1 in Invocations
   589 | D:2      | Reached skill level 1 in Short Blades
   589 | D:2      | Reached skill level 1 in Long Blades
   589 | D:2      | Reached skill level 1 in Axes
   589 | D:2      | Reached skill level 1 in Maces & Flails
   589 | D:2      | Reached skill level 1 in Polearms
   589 | D:2      | Reached skill level 1 in Staves
   589 | D:2      | Reached skill level 1 in Throwing
   589 | D:2      | Reached skill level 1 in Armour
   589 | D:2      | Reached skill level 1 in Shields
   589 | D:2      | Reached skill level 1 in Unarmed Combat
   589 | D:2      | Reached skill level 1 in Spellcasting
   589 | D:2      | Reached skill level 1 in Evocations
   679 | D:2      | Reached XP level 4. HP: 38/38 MP: 5/5
   869 | D:2      | Reached skill level 1 in Conjurations
   869 | D:2      | Reached skill level 1 in Hexes
   869 | D:2      | Reached skill level 1 in Summonings
   869 | D:2      | Reached skill level 1 in Necromancy
   869 | D:2      | Reached skill level 1 in Translocations
   869 | D:2      | Reached skill level 1 in Transmutations
   869 | D:2      | Reached skill level 1 in Fire Magic
   869 | D:2      | Reached skill level 1 in Ice Magic
   869 | D:2      | Reached skill level 1 in Air Magic
   869 | D:2      | Reached skill level 1 in Earth Magic
   869 | D:2      | Reached skill level 1 in Poison Magic
  2089 | D:4      | Identified the +1 robe of Ennui {rElec rN+}
  2251 | D:4      | Reached XP level 5. HP: 39/43 MP: 7/7
  2302 | D:4      | Found a transporter.
  2338 | D:4      | Found a transporter.
  2734 | D:4      | Reached XP level 6. HP: 27/50 MP: 8/8
  2968 | D:4      | Found Somig's Distillery.
  3129 | D:4      | Bought a potion of lignification for 33 gold pieces
  3129 | D:4      | Bought a potion of heal wounds for 55 gold pieces
  3129 | D:4      | Bought a potion of heal wounds for 55 gold pieces
  3294 | D:5      | Entered Level 5 of the Dungeon
  3311 | D:5      | Reached skill level 5 in Fighting
  3311 | D:5      | Reached skill level 5 in Dodging
  3368 | D:5      | Noticed Edmund
  3384 | D:5      | Killed Edmund
  3438 | D:5      | Noticed a black bear
  3443 | D:5      | Killed a black bear
  3444 | D:5      | Reached XP level 7. HP: 35/56 MP: 10/10
  3550 | D:5      | Found a sand-covered staircase.
  3557 | Ossuary  | Entered an ossuary
  3615 | Ossuary  | Reached skill level 9 in Ranged Weapons
  3805 | Ossuary  | Reached XP level 8. HP: 57/63 MP: 12/12
  4415 | D:5      | Noticed Grinder
  4420 | D:5      | Killed Grinder
  4896 | D:6      | Learned a level 2 spell: Wereblood
  5206 | D:6      | Reached XP level 9. HP: 42/69 MP: 13/15
  5342 | D:6      | You fall into a shaft and drop 3 floors!
  5343 | D:9      | Identified a scroll of acquirement
  5343 | D:9      | Acquired the +4 longbow of Broken Luck {flame, Str+3 Int+3}
  5463 | D:9      | Identified the +5 ring mail of Generosity {Str+6 Dex+3}
  5549 | D:9      | Noticed a two-headed ogre
  5564 | D:9      | Killed a two-headed ogre
  5565 | D:9      | Reached skill level 5 in Stealth
  5900 | D:9      | Noticed an orange crystal statue
  5929 | D:9      | Noticed a two-headed ogre
  6028 | D:9      | Learned a level 3 spell: Volatile Blastmotes
  6060 | D:9      | Reached skill level 5 in Invocations
  6108 | D:9      | Reached skill level 5 in Short Blades
  6108 | D:9      | Reached skill level 5 in Long Blades
  6108 | D:9      | Reached skill level 5 in Axes
  6108 | D:9      | Reached skill level 5 in Maces & Flails
  6108 | D:9      | Reached skill level 5 in Polearms
  6108 | D:9      | Reached skill level 5 in Staves
  6108 | D:9      | Reached skill level 5 in Throwing
  6108 | D:9      | Reached skill level 5 in Armour
  6108 | D:9      | Reached skill level 5 in Shields
  6108 | D:9      | Reached skill level 5 in Unarmed Combat
  6108 | D:9      | Reached skill level 5 in Spellcasting
  6108 | D:9      | Reached skill level 5 in Evocations
  6108 | D:9      | Reached XP level 10. HP: 33/77 MP: 17/17
  6364 | D:8      | Reached skill level 10 in Ranged Weapons
  6613 | D:8      | Noticed Joseph
  6628 | D:8      | Found a shimmering blue altar of Sif Muna.
  7126 | D:7      | Found a staircase to the Ecumenical Temple.
  7136 | Temple   | Entered the Ecumenical Temple
  7240 | Temple   | Became a worshipper of Gozag Ym Sagoz the Greedy
  7972 | D:8      | Learned a level 4 spell: Sticky Flame
  7976 | D:8      | Learned a level 3 spell: Ozocubu's Armour
  8179 | D:8      | Found an ornate altar of the Wu Jian Council.
  8189 | D:8      | Found an ancient bone altar of Kikubaaqudgha.
  8192 | D:8      | Found a shimmering altar of Xom.
  8192 | D:8      | Found a sparkling altar of Nemelex Xobeh.
  8332 | D:8      | Identified the +1 robe "Uttolub" {rCorr Str+4}
  8432 | D:8      | Noticed Pikel
  8436 | D:8      | Killed Pikel
  8453 | D:8      | Noticed Maggie
  8466 | D:8      | Killed Maggie
  8762 | D:9      | Killed a two-headed ogre
  8763 | D:9      | Reached skill level 5 in Conjurations
  8763 | D:9      | Reached skill level 5 in Hexes
  8763 | D:9      | Reached skill level 5 in Summonings
  8763 | D:9      | Reached skill level 5 in Necromancy
  8763 | D:9      | Reached skill level 5 in Translocations
  8763 | D:9      | Reached skill level 5 in Transmutations
  8763 | D:9      | Reached skill level 5 in Fire Magic
  8763 | D:9      | Reached skill level 5 in Ice Magic
  8763 | D:9      | Reached skill level 5 in Air Magic
  8763 | D:9      | Reached skill level 5 in Earth Magic
  8763 | D:9      | Reached skill level 5 in Poison Magic
  8763 | D:9      | Reached XP level 11. HP: 85/85 MP: 18/20
  8798 | D:9      | Noticed a two-headed ogre
  8830 | D:10     | Entered Level 10 of the Dungeon
  9641 | D:10     | Found Buomenlup's Magic Scroll Shoppe.
  9645 | D:10     | Bought a scroll of teleportation for 36 gold pieces
  9645 | D:10     | Bought a scroll of fear for 48 gold pieces
  9645 | D:10     | Bought a scroll of magic mapping for 90 gold pieces
  9645 | D:10     | Bought a scroll of blinking for 90 gold pieces
  9664 | D:10     | Learned a level 3 spell: Summon Guardian Golem
  9797 | D:10     | Found a staircase to the Lair.
 10099 | D:11     | Found Bafeqiv's Distillery.
 10119 | D:11     | Bought a potion of berserk rage for 65 gold pieces
 10119 | D:11     | Bought a potion of might for 52 gold pieces
 10119 | D:11     | Bought a potion of heal wounds for 65 gold pieces
 10119 | D:11     | Bought a potion of might for 52 gold pieces
 10119 | D:11     | Bought a potion of haste for 130 gold pieces
 10431 | D:11     | Noticed a cyclops
 10436 | D:11     | Killed a cyclops
 10564 | D:11     | Noticed a cyclops
 10571 | D:11     | Killed a cyclops
 10726 | D:12     | Found a portal to a secret trove of treasure.
 10837 | D:12     | Identified the +3 leather armour of Lucidity {Dex+4}
 10934 | D:12     | Noticed an eight-headed hydra
 11160 | D:12     | Noticed a manticore
 11162 | D:12     | Killed a manticore
 11311 | D:12     | Noticed a cyclops
 11316 | D:12     | Killed a cyclops
 11317 | D:12     | Reached skill level 11 in Ranged Weapons
 11325 | D:12     | Noticed a two-headed ogre
 11330 | D:12     | Killed a two-headed ogre
 11331 | D:12     | Noticed a purple ugly thing
 11350 | D:12     | Killed a purple ugly thing
 11351 | D:12     | Reached XP level 12. HP: 81/94 MP: 22/22
 11404 | D:12     | Found a staircase to the Orcish Mines.
 11408 | D:12     | Found Ater Jic's Armour Emporium.
 11768 | Lair:1   | Entered Level 1 of the Lair of Beasts
 11768 | Lair:1   | Noticed Urug
 11885 | Lair:1   | Killed Urug
 11926 | Lair:1   | You fall into a shaft and drop 1 floor!
 13195 | Lair:2   | Found a staircase to the Snake Pit.
 13895 | Lair:3   | Found a staircase to the Shoals.
 14569 | Lair:4   | Noticed a six-headed hydra
 14612 | Lair:4   | Found a viscous altar of Jiyva.
 14614 | Lair:4   | Found a staircase to the Slime Pits.
 14912 | Lair:4   | Reached XP level 13. HP: 77/101 MP: 25/25
 15806 | Lair:5   | Entered Level 5 of the Lair of Beasts
 16430 | Lair:4   | Reached skill level 12 in Ranged Weapons
 17142 | Lair:5   | Reached skill level 10 in Fighting
 17142 | Lair:5   | Reached skill level 10 in Dodging
 17795 | Lair:5   | Reached XP level 14. HP: 110/110 MP: 27/27
 17800 | Lair:5   | Learned a level 2 spell: Blink
 17810 | Lair:5   | Reached skill level 10 in Invocations
 18468 | Lair:5   | Identified the +4 trident of Ravage {freeze, rPois Str+2}
 20302 | D:13     | Reached skill level 10 in Stealth
 20469 | D:13     | Found a gate to the Vaults.
 20469 | D:13     | Noticed an ironbound preserver
 22061 | D:13     | Killed an ironbound preserver
 22250 | D:13     | HP: 5/111 [white ugly thing (21)]
 22498 | D:14     | Reached skill level 10 in Short Blades
 22498 | D:14     | Reached skill level 10 in Long Blades
 22498 | D:14     | Reached skill level 10 in Axes
 22498 | D:14     | Reached skill level 10 in Maces & Flails
 22498 | D:14     | Reached skill level 10 in Polearms
 22498 | D:14     | Reached skill level 10 in Staves
 22498 | D:14     | Reached skill level 10 in Throwing
 22498 | D:14     | Reached skill level 10 in Armour
 22498 | D:14     | Reached skill level 10 in Shields
 22498 | D:14     | Reached skill level 10 in Unarmed Combat
 22498 | D:14     | Reached skill level 10 in Spellcasting
 22498 | D:14     | Reached skill level 10 in Evocations
 22520 | D:14     | Reached skill level 13 in Ranged Weapons
 22671 | D:14     | Reached XP level 15. HP: 118/118 MP: 29/29
 23039 | Orc:1    | Entered Level 1 of the Orcish Mines
 23039 | Orc:1    | Found Xomiraudgh's Assorted Antiques.
 23290 | Orc:1    | Bought a scroll of summoning for 285 gold pieces
 23290 | Orc:1    | Bought a potion of heal wounds for 150 gold pieces
 23290 | Orc:1    | Bought a scroll of teleportation for 90 gold pieces
 23460 | Orc:1    | Found a transporter.
 23602 | Orc:1    | Found a transporter.
 23832 | Orc:1    | Noticed Tinen's ghost (journeyman TrMo)
 23881 | Orc:2    | Entered Level 2 of the Orcish Mines
 23937 | Orc:2    | Noticed Rupert
 23944 | Orc:2    | Paralysed by Rupert for 5 turns
 23975 | Orc:2    | Paralysed by Rupert for 2 turns
 23984 | Orc:1    | Killed Rupert
 24250 | Orc:2    | Found Izxewef's General Store.
 24604 | Orc:2    | Found a staircase to the Elven Halls.
 24727 | Orc:2    | Found Dooxuk's General Store.
 25195 | Orc:2    | Bought a scroll of summoning for 142 gold pieces
 25197 | Orc:2    | Bought a scroll of teleportation for 30 gold pieces
 25197 | Orc:2    | Bought a potion of berserk rage for 50 gold pieces
 25197 | Orc:2    | Bought a scroll of teleportation for 30 gold pieces
 25503 | Orc:2    | Noticed Jorgrun
 26018 | Orc:2    | Killed Jorgrun
 26252 | Orc:2    | Noticed an orc warlord
 26309 | Orc:2    | Killed an orc warlord
 27421 | Orc:2    | Found Biocagek's Jewellery Boutique.
 27421 | Orc:2    | Found Cuennu's Antique Armour Shop.
 27422 | Orc:2    | Found a one-way gate leading to the halls of Pandemonium.
 27424 | Orc:2    | Bought the amulet of Qazlal's Pride {Reflect rN+ Regen+
                  | SH+5} for 576 gold pieces
 27424 | Orc:2    | Bought a ring of see invisible for 210 gold pieces
 27439 | Orc:2    | Bought shiny pearl dragon scales for 3675 gold pieces
 28430 | D:14     | Identified the +1 plate armour "Etahus" {Str+2 Int+4
                  | Slay-5}
 28437 | D:14     | Found a basalt altar of Yredelemnul.
 28444 | D:14     | Paralysed by a vampire knight for 5 turns
 28726 | D:14     | Reached XP level 16. HP: 32/127 MP: 30/30
 29147 | D:14     | Paralysed by a vampire knight for 2 turns
 29254 | D:14     | Learned a level 5 spell: Silence
 29322 | D:14     | Got the Catalogue of Flesh
 29325 | D:14     | Identified the staff of conjuration "Ceufop" {rC+}
 30054 | D:14     | Noticed Kirke
 30411 | D:14     | Killed Kirke
 30739 | D:15     | Entered Level 15 of the Dungeon
 31886 | D:15     | Paralysed by an orc sorcerer for 4 turns
 31931 | D:15     | Identified the +5 ring mail of the Gloaming {Harm rN+++
                  | Int-3 Stlth+}
 32015 | D:15     | Found a staircase to the Depths.
 32024 | D:15     | Reached skill level 14 in Ranged Weapons
 32175 | D:15     | Found a runed translucent gate.
 32175 | D:15     | Found a runed translucent gate.
 32175 | D:15     | Found a runed translucent gate.
 32176 | D:15     | Noticed Purphixowk's ghost (journeyman DsGl)
 32257 | D:15     | Found an iron altar of Okawaru.
 32442 | Snake:1  | Entered Level 1 of the Snake Pit
 32447 | Snake:1  | Noticed Asterion
 32465 | Lair:2   | Killed Asterion
 32775 | Snake:1  | Found a hide-covered altar of Uskayaw.
 33216 | Snake:1  | Learned a level 5 spell: Agony
 33758 | Snake:2  | HP: 6/129 [poisoned by a black mamba]
 33819 | Snake:2  | Learned a level 4 spell: Passage of Golubria
 33902 | Snake:2  | Noticed a nagaraja
 33930 | Snake:2  | Killed a nagaraja
 34130 | Snake:2  | Noticed a nagaraja
 34143 | Snake:2  | Killed a nagaraja
 34445 | Snake:2  | Learned a level 4 spell: Flame Wave
 34575 | Snake:2  | Reached XP level 17. HP: 92/135 MP: 15/32
 35166 | Snake:3  | Found a transporter.
 35190 | Snake:3  | Found a transporter.
 35425 | Snake:3  | Reached skill level 10 in Conjurations
 35425 | Snake:3  | Reached skill level 10 in Hexes
 35425 | Snake:3  | Reached skill level 10 in Summonings
 35425 | Snake:3  | Reached skill level 10 in Necromancy
 35425 | Snake:3  | Reached skill level 10 in Translocations
 35425 | Snake:3  | Reached skill level 10 in Transmutations
 35425 | Snake:3  | Reached skill level 10 in Fire Magic
 35425 | Snake:3  | Reached skill level 10 in Ice Magic
 35425 | Snake:3  | Reached skill level 10 in Air Magic
 35425 | Snake:3  | Reached skill level 10 in Earth Magic
 35425 | Snake:3  | Reached skill level 10 in Poison Magic
 37317 | Snake:4  | Entered Level 4 of the Snake Pit
 37333 | Snake:4  | Found Giocsim's Antique Weapon Shop.
 37371 | Snake:4  | Learned a level 3 spell: Swiftness
 39493 | Snake:4  | Reached XP level 18. HP: 143/143 MP: 34/34
 40057 | Snake:4  | Killed from afar by a nagaraja

Illustrated notes

Levels and vault maps discovered:
D:1:      psy_arrival_terrarium, layout_basic
D:2:      layout_basic, minmay_tetromino_l2
D:3:      layout_loops_corners
D:4:      gammafunk_steamed_eel, layout_cave_pods, roderic_lattice_a,
          nicolae_inconvenience_store, minmay_surrounded
D:5:      layout_basic, nicolae_ossuary_entry_ruins, uniq_grinder, uniq_edmund
D:6:      layout_loops_ring, serial_rivers, chequers_serial_rivers_micro_d,
          chequers_serial_rivers_room_b, chequers_serial_rivers_micro_e,
          chequers_serial_rivers_small_3, chequers_serial_rivers_large_a
D:7:      layout_rooms, lemuel_temple_firewalk_b
D:8:      layout_gridville, nicolae_overflow_hallway_of_the_gods,
          enter_bailey_3, minmay_fractal_squares_diagonal_5, uniq_maggie,
          uniq_pikel, uniq_joseph
D:9:      kennysheep_steamy, layout_small_grid, kennysheep_little_box,
          minmay_statue_bubble
D:10:     layout_loops_ring, lair_entry_dummy, serial_shops, shop,
          chequers_big_river
D:11:     layout_irregular_city, serial_shops, shop, hangedman_decor_growths
D:12:     layout_roguey, orc_david_3, nicolae_trove_entry_free_sample
D:13:     layout_loops_ring, skrybe_vaults_entry_preservation
D:14:     lemuel_vampire_tower, layout_basic, minivault_27, uniq_kirke
D:15:     grunt_enter_depths_snipers, layout_cave_pools,
          chequers_serial_rivers_micro_e, gammafunk_ghost_fury_of_okawaru,
          minmay_radiant
Temple:   lightli_temple_of_artemis
Lair:1:   layout_roguey, uniq_urug
Lair:2:   wander_river, layout_regular_city, nicolae_snake_entry_squirm,
          pdpol_lair_neglected_garden, serial_bayou_pond_d, serial_bayou_shore_a
Lair:3:   layout_cave_shapes, shoals_dummy_entry
Lair:4:   layout_gridlike, slime_entry_1, grunt_megastairs_4,
          infiniplex_staircase_pool_2
Lair:5:   hangedman_lair_tendril_chambers, layout_hall_layers,
          hangedman_lair_caniforms_friends, serial_bayou, serial_bayou_pond_b,
          serial_bayou_pond_e, serial_bayou_shore_b, serial_bayou_crossing,
          serial_bayou_lagoon_a, serial_bayou_pond_e
Snake:1:  layout_grid_shapes, basic_altar, serial_bayou_shore_b, uniq_asterion
Snake:2:  layout_onion, nicolae_integral_box
Snake:3:  gammafunk_the_bubble [the_bubble_gammafunk_grid], layout_grid_shapes,
          grunt_megastairs_1
Snake:4:  snake_pit, layout_concentric_octagons, serial_shops,
          nicolae_shop_window_shopping, nicolae_snake_snakes_in_the_grass
Orc:1:    layout_caves, gammafunk_ghost_berserking_beasts, basic_altar,
          serial_shops, shop
Orc:2:    pf_orc_diabolical, layout_caves, basic_altar,
          hellmonk_bongcloud_opening, mines3_lemuel, uniq_rupert, uniq_jorgrun

Skill      XL: |  1  2  3  4  5  6  7  8  9 10 11 12 13 14 15 16 17 |
---------------+----------------------------------------------------+-----
Invocations    | 1 2 3 4 5 6 7 8 9 10 11 12 13 | 13.6
Short Blades   | 1 2 3 4 5 6 7 8 9 10 11 12 | 12.5
Long Blades    | 1 2 3 4 5 6 7 8 9 10 11 12 | 12.5
Axes           | 1 2 3 4 5 6 7 8 9 10 11 12 | 12.5
Maces & Flails | 1 2 3 4 5 6 7 8 9 10 11 12 | 12.5
Polearms       | 1 2 3 4 5 6 7 8 9 10 11 12 | 12.5
Staves         | 1 2 3 4 5 6 7 8 9 10 11 12 | 12.5
Throwing       | 1 2 3 4 5 6 7 8 9 10 11 12 | 12.5
Armour         | 1 2 3 4 5 6 7 8 9 10 11 12 | 12.5
Shields        | 1 2 3 4 5 6 7 8 9 10 11 12 | 12.5
Unarmed Combat | 1 2 3 4 5 6 7 8 9 10 11 12 | 12.5
Spellcasting   | 1 2 3 4 5 6 7 8 9 10 11 12 | 12.5
Evocations     | 1 2 3 4 5 6 7 8 9 10 11 12 | 12.5
Conjurations   | 1 2 3 4 5 6 7 8 9 10 | 10.6
Hexes          | 1 2 3 4 5 6 7 8 9 10 | 10.6
Summonings     | 1 2 3 4 5 6 7 8 9 10 | 10.6
Necromancy     | 1 2 3 4 5 6 7 8 9 10 | 10.6
Translocations | 1 2 3 4 5 6 7 8 9 10 | 10.6
Transmutations | 1 2 3 4 5 6 7 8 9 10 | 10.6
Fire Magic     | 1 2 3 4 5 6 7 8 9 10 | 10.6
Ice Magic      | 1 2 3 4 5 6 7 8 9 10 | 10.6
Air Magic      | 1 2 3 4 5 6 7 8 9 10 | 10.6
Earth Magic    | 1 2 3 4 5 6 7 8 9 10 | 10.6
Poison Magic   | 1 2 3 4 5 6 7 8 9 10 | 10.6
Stealth        | 3 4 5 6 7 8 9 10 11 12 | 12.8
Fighting       | 5 6 7 8 9 10 11 12 13 | 13.3
Dodging        | 5 6 7 8 9 10 11 12 13 | 13.3
Ranged Weapons | 9 10 11 12 13 14 | 14.9

Action                     |  1- 3 |  4- 6 |  7- 9 | 10-12 | 13-15 | 16-18 || total
---------------------------+-------+-------+-------+-------+-------+-------++-------
  Melee: Short sword       |       |     8 |    60 |       |       |       ||    68
         Bite              |       |     1 |     9 |       |     2 |    21 ||    33
         Punch             |       |     1 |     3 |       |     1 |    15 ||    20
         Longbow           |       |       |       |     3 |       |       ||     3
         Trident           |       |       |       |       |    19 |   180 ||   199
   Fire: Shortbow          |    88 |   131 |   139 |       |       |       ||   358
         Longbow           |       |       |    46 |   589 |  1419 |  1243 ||  3297
  Throw: Throwing net      |       |       |     1 |       |     1 |       ||     2
   Cast: Volatile Blastmot |       |       |     1 |     1 |     6 |    11 ||    19
         Sticky Flame      |       |       |       |     3 |    26 |    17 ||    46
         Summon Guardian G |       |       |       |     3 |     2 |     4 ||     9
         Ozocubu's Armour  |       |       |       |     1 |     2 |     1 ||     4
         Blink             |       |       |       |       |     1 |     3 ||     4
         Flame Wave        |       |       |       |       |       |     8 ||     8
         Agony             |       |       |       |       |       |     2 ||     2
         Swiftness         |       |       |       |       |       |     2 ||     2
         Passage of Golubr |       |       |       |       |       |     2 ||     2
 Invoke: Potion Petition   |       |       |       |       |       |     4 ||     4
  Evoke: Wand              |       |       |       |     2 |    20 |       ||    22
         Phantom mirror    |       |       |       |       |     1 |     1 ||     2
    Use: Scroll            |       |     6 |    14 |     9 |    11 |     8 ||    48
         Potion            |       |     1 |     2 |       |     4 |     9 ||    16
   Stab: Paralysed         |       |       |       |       |     5 |       ||     5
         Invisible         |       |       |       |       |       |     6 ||     6
         Distracted        |       |       |       |       |       |     2 ||     2
 Armour: Leather armour    |     4 |     2 |       |    31 |       |       ||    37
         Ring mail         |       |     8 |    42 |    50 |   298 |       ||   398
         Skin              |       |       |    51 |       |       |       ||    51
         Steam dragon scal |       |       |       |     3 |       |       ||     3
         Pearl dragon scal |       |       |       |       |    75 |   488 ||   563
  Dodge: Dodged            |    16 |    28 |   141 |   273 |   749 |   664 ||  1871
  Block: Other             |       |       |       |       |    25 |   237 ||   262
         Reflection        |       |       |       |       |     6 |    41 ||    47
